 Dungeon Crawl Stone Soup version 0.27.1-35-g4d5d836560 (webtiles) character file.

Game seed: 311575750136963319

10003 Delamore the Covert (level 11, -4/76 HPs)
             Began as an Octopode Brigand on Apr 16, 2022.
             Was an Initiate of Gozag.
             Slain by Fannar (16 damage)
             ... on level 10 of the Dungeon.
             The game lasted 00:13:40 (11352 turns).

Delamore the Covert (Octopode Brigand)             Turns: 11352, Time: 00:13:40

Health: -4/76      AC:  8    Str: 11    XL:     11   Next: 55%
Magic:  11/11      EV: 17    Int: 20    God:    Gozag
Gold:   826        SH:  0    Dex: 16    Spells: 10/10 levels left

rFire    . . .     SeeInvis .   s - +2 dagger (protect)
rCold    . . .     Faith    .   (no shield)
rNeg     . . .     Spirit   .   (helmet restricted)
rPois    .         Reflect  .   B - amulet of the acrobat
rElec    .         Harm     .   d - +4 ring of slaying
rCorr    .         Rampage  .   H - +6 ring of intelligence
Will     .....                  (no ring)
Stlth    ++++......             (no ring)
HPRegen  0.22/turn              (no ring)
MPRegen  0.12/turn              (no ring)
                                (no ring)
                                (no ring)

@: silenced, gold aura, under a protective aura
A: almost no armour, amphibious, 8 rings, camouflage 1, gelatinous body 1,
(nimble swimmer 1), tentacles
a: Renounce Religion


You were on level 10 of the Dungeon.
You worshipped Gozag.
Gozag was pleased with you.
You visited 2 branches of the dungeon, and saw 11 of its levels.

You collected 1462 gold pieces.
You paid 636 gold pieces to Gozag.

Inventory:

Hand Weapons
 a - a +2 dagger
 s - a +2 dagger of protection (weapon)
 L - a +2 short sword of venom
Missiles
 l - 61 poisoned darts (quivered)
 p - 2 throwing nets
 D - 8 datura-tipped darts
 M - 4 boomerangs
Jewellery
 d - a +4 ring of slaying (left tentacle)
 v - a ring of ice
 B - an amulet of the acrobat (around mantle)
 H - a +6 ring of intelligence (right tentacle)
Wands
 b - a wand of flame (13)
 r - a wand of paralysis (15)
 x - a wand of iceblast (12)
 y - a wand of polymorph (4)
 E - a wand of digging (4)
 F - a wand of mindburst (7)
Scrolls
 e - 2 scrolls of fog
 f - 4 scrolls of enchant armour
 g - 7 scrolls of teleportation
 j - 3 scrolls of torment
 k - 2 scrolls of enchant weapon
 n - 2 scrolls of fear
 q - a scroll of immolation
 w - 4 scrolls of amnesia
 C - 2 scrolls of noise
 J - a scroll of vulnerability
 K - a scroll of summoning {unknown}
Potions
 c - a potion of mutation {unknown}
 h - 2 potions of degeneration {unknown}
 i - 4 potions of curing
 m - a potion of cancellation {unknown}
 o - 2 potions of haste {unknown}
 t - 4 potions of heal wounds {unknown}
 z - a potion of lignification {unknown}
 A - 2 potions of ambrosia {unknown}
 I - 2 potions of brilliance {unknown}


   Skills:
 + Level 7.7 Fighting
 - Level 10.0 Short Blades
 - Level 5.0 Throwing
 + Level 7.6 Dodging
 + Level 10.1 Stealth
 + Level 8.1 Evocations


You had 10 spell levels left.
You didn't know any spells.
Your spell library contained the following spells:

 Spells                   Type           Power      Damage    Failure   Level
 Foxfire                  Conj/Fire      0%         2x1d4     19%         1
 Static Discharge         Conj/Air       0%         N/A       28%         2
 Conjure Flame            Conj/Fire      0%         6-21      50%         3
 Ignite Poison            Fire/Tmut/Pois 0%         N/A       50%         3
 Inner Flame              Hex/Fire       0%         N/A       50%         3
 Sticky Flame             Conj/Fire      0%         2d3       88%         4
 Lightning Bolt           Conj/Air       0%         1d11      99%         5
 Maxwell's Capacitive Co  Air            0%         ∞         100%        8


Dungeon Overview and Level Annotations

Branches:
Dungeon (10/15)            Temple (1/1) D:4             Orc (0/2) D:9
   Lair: D:8-11

Altars:
Ashenzari
Cheibriados
Elyvilon
Fedhas
Gozag
Makhleb
Ru
Sif Muna
Trog
Uskayaw
Xom
Yredelemnul
Zin
The Shining One

Shops:
D:5 (   D:8 (

Annotations:
D:3 3 runed translucent doors, makewrite's ghost, amateur MiBe; makewrite's ghost, novice MiGl
D:10 Fannar


Innate Abilities, Weirdness & Mutations

You cannot wear most types of armour.
You are amphibious.
You can wear up to eight rings at the same time.
Your skin changes colour to match your surroundings (Stealth+).
Your rubbery body absorbs attacks. (AC +1, EV +1)
((You are camouflaged near water. (Stealth+)))
You have tentacles for arms and can constrict up to eight enemies at once.


Message History

Fannar hits you with a staff of cold. Fannar freezes you!
Throw: dart (curare)
Press: ? - help, Q - select action, (/) - cycle Shift-Dir - straight line, f - Fannar
Aim: Fannar, wielding a staff of cold and wearing a +2 robe of cold resistance (lightly wounded, 55% to hit)
You throw a curare-tipped dart.
The curare-tipped dart barely misses Fannar.
Fannar is distracted by your dazzling golden aura.
Fannar shouts!
You hit Fannar.
Fannar is no longer distracted by gold.
You grab Fannar. Your squeeze misses Fannar.
Fannar is lightly wounded.
You constrict Fannar. You hit Fannar but do no damage.
Fannar is lightly wounded.
You constrict Fannar, but do no damage. Fannar hits you with a staff of cold.
Fannar freezes you.
Okay, then.
Okay, then.
Press: ? - help, v - describe, . - travel
Here: Fannar, wielding a staff of cold and wearing a +2 robe of cold resistance (lightly wounded, constricted by you)
The floor.
As you read the scroll of silence, it crumbles to dust.
A profound silence engulfs you.
You constrict Fannar. Fannar hits you with a staff of cold. Fannar freezes you!
You hit Fannar but do no damage. You squeeze Fannar.
Fannar is lightly wounded.
You constrict Fannar. You hit Fannar.
Fannar is lightly wounded.
You constrict Fannar. Fannar hits you with a staff of cold. Fannar freezes you!
* * * LOW HITPOINT WARNING * * *
It was a potion of curing.
You feel better.
You constrict Fannar. Fannar hits you with a staff of cold.
* * * LOW HITPOINT WARNING * * *
Fannar freezes you.
* * * LOW HITPOINT WARNING * * *
You feel better.
You constrict Fannar. Fannar hits you but does no damage. Fannar freezes you!
You die...
Your body crumbles into a pile of gold.

.....###...#########
#####'####$........#
##.# #.........# ##..#
#.........# ##..##
##.?.##### #..##
###.########## $ #.##
#............ ##.#####
#...........# .......#
#>...@......# .......#
#....e$.....#
.......#####...........#
..........##...........#
.......##.##....(.....[#
.....<###########......#
......# ### ......#
......# ##≈≈# #######
##.###### ##≈≈####


You could see Fannar.

Vanquished Creatures
  A boulder beetle (D:7)
  2 deep elf pyromancers
  Pikel (D:5)
  A gargoyle (D:10)
  A troll (D:10)
  Prince Ribbit (D:6)
  Grinder (D:5)
  3 hornets
  A slime creature (D:7)
  Sigmund (D:2)
  A wraith (D:10)
  4 yaks (D:9)
  Eustachio (D:6)
  Menkaure (D:5)
  A warg (D:9)
  Edmund (D:6)
  2 water moccasins (D:7)
  9 orc warriors
  4 sky beasts
  A black bear (D:8)
  2 necrophages
  2 centaurs
  3 ogres
  2 lemures
  2 kobold brigands
  Blork the orc (D:5)
  2 bullfrogs (D:8)
  A wyvern zombie (D:7)
  A gnoll sergeant (D:8)
  3 scorpions
  A wyvern skeleton (D:7)
  2 water moccasin skeletons
  4 wights (D:9)
  3 electric eels (D:10)
  4 howler monkeys
  3 centaur zombies
  A crimson imp (D:3)
  10 hounds
  2 bullfrog zombies
  A gnoll shaman (D:4)
  9 centaur skeletons
  6 orc priests
  Crazy Yiuf (D:5)
  6 jellies
  A bullfrog skeleton (D:5)
  3 iguanas
  Natasha (thrice) (D:2)
  2 orc wizards
  A killer bee zombie (D:7)
  A hound skeleton (D:3)
  11 gnolls
  6 adders
  An ufetubus (D:6)
  An adder skeleton (D:4)
  2 worms
  2 dart slugs
  20 orcs
  5 endoplasms
  6 giant cockroaches
  7 goblins
  4 hobgoblins
  2 jackals (D:4)
  4 quokkas
  A ball python (D:4)
  2 bats (D:3)
  4 frilled lizards
  A goblin skeleton (D:3)
  2 goblin zombies (D:3)
  7 hobgoblin zombies (D:3)
  17 kobolds
  3 kobold skeletons (D:3)
  A kobold zombie (D:3)
  An orc skeleton (D:3)
  4 rats
235 creatures vanquished.

Vanquished Creatures (others)
  5 withered plants (D:3)
5 creatures vanquished.

Grand Total: 240 creatures vanquished

Notes
Turn   | Place    | Note
-------+----------+-------------------------------------------
     0 | D:1      | Delamore the Octopode Brigand began the quest for the Orb.
     0 | D:1      | Reached XP level 1. HP: 14/14 MP: 1/1
   316 | D:1      | Reached XP level 2. HP: 19/19 MP: 2/2
   777 | D:2      | Noticed Sigmund
   833 | D:2      | Noticed an ogre
   838 | D:2      | Reached XP level 3. HP: 13/24 MP: 3/3
   838 | D:2      | Noticed Natasha
  1093 | D:2      | Killed Natasha
  1094 | D:2      | Reached XP level 4. HP: 14/29 MP: 4/4
  1311 | D:2      | Killed an ogre
  1312 | D:2      | Reached XP level 5. HP: 34/34 MP: 5/5
  1441 | D:2      | Killed Sigmund
  1442 | D:2      | Reached skill level 5 in Short Blades
  1442 | D:2      | Reached XP level 6. HP: 39/39 MP: 6/6
  1699 | D:2      | Noticed Natasha
  1706 | D:2      | Killed Natasha
  1770 | D:2      | Noticed Natasha
  1782 | D:2      | Killed Natasha
  1926 | D:3      | Found a glowing golden altar of the Shining One.
  1938 | D:3      | Reached XP level 7. HP: 38/45 MP: 7/7
  2327 | D:3      | Found a runed translucent gate.
  2327 | D:3      | Found a runed translucent gate.
  2327 | D:3      | Found a runed translucent gate.
  2327 | D:3      | Noticed makewrite's ghost (amateur MiBe)
  2330 | D:3      | Noticed makewrite's ghost (novice MiGl)
  3415 | D:4      | Found a staircase to the Ecumenical Temple.
  3557 | Temple   | Entered the Ecumenical Temple
  3590 | Temple   | Became a worshipper of Gozag Ym Sagoz the Greedy
  3897 | D:5      | Entered Level 5 of the Dungeon
  3917 | D:5      | Found Fysodd's Antique Weapon Emporium.
  3936 | D:5      | Reached XP level 8. HP: 47/50 MP: 8/8
  4077 | D:5      | Reached skill level 1 in Evocations
  4230 | D:5      | Noticed Menkaure
  4238 | D:5      | Killed Menkaure
  4531 | D:5      | Noticed Grinder
  4574 | D:5      | Killed Grinder
  4575 | D:5      | Reached skill level 10 in Stealth
  4633 | D:5      | Noticed Blork the orc
  4641 | D:5      | Killed Blork the orc
  4748 | D:5      | Reached XP level 9. HP: 53/54 MP: 9/9
  4986 | D:5      | Found a runed translucent door.
  4987 | D:5      | Noticed Crazy Yiuf
  4994 | D:5      | Killed Crazy Yiuf
  5648 | D:6      | Noticed Eustachio
  5662 | D:6      | Killed Eustachio
  5820 | D:6      | Noticed Pikel
  5985 | D:5      | Killed Pikel
  5986 | D:5      | Reached skill level 10 in Short Blades
  5986 | D:5      | Reached skill level 5 in Evocations
  6173 | D:6      | Noticed Edmund
  6181 | D:6      | Killed Edmund
  6239 | D:6      | Found a glowing silver altar of Zin.
  6239 | D:6      | Found a burning altar of Makhleb.
  6240 | D:6      | Noticed a cacodemon
  6240 | D:6      | Noticed an angel
  6487 | D:6      | Found a broken altar of Ashenzari.
  6532 | D:6      | Noticed Prince Ribbit
  6539 | D:6      | Killed Prince Ribbit
  6583 | D:6      | Reached XP level 10. HP: 63/63 MP: 10/10
  6797 | D:7      | Noticed a deep elf pyromancer
  7287 | D:7      | Noticed a boulder beetle
  7316 | D:7      | Killed a deep elf pyromancer
  7317 | D:7      | Reached skill level 5 in Fighting
  7317 | D:7      | Reached skill level 5 in Throwing
  7317 | D:7      | Reached skill level 5 in Dodging
  7853 | D:7      | Killed a boulder beetle
  7974 | D:7      | Found a basalt altar of Yredelemnul.
  8012 | D:7      | Found a large runed translucent door.
  8015 | D:7      | Found a large runed translucent door.
  8084 | D:7      | Found a white marble altar of Elyvilon.
  8615 | D:7      | Found a shimmering altar of Xom.
  8626 | D:7      | Found a sacrificial altar of Ru.
  8685 | D:7      | Reached XP level 11. HP: 73/73 MP: 11/11
  9181 | D:8      | Identified the +7 plate armour of Nyuc {rN+}
  9326 | D:9      | Noticed a deep elf pyromancer
  9328 | D:9      | Killed a deep elf pyromancer
  9669 | D:9      | Found a staircase to the Orcish Mines.
 11100 | D:10     | Entered Level 10 of the Dungeon
 11337 | D:10     | Noticed Fannar
 11352 | D:10     | Slain by Fannar

Illustrated notes

Levels and vault maps discovered:
D:1:      lemuel_arrival_broad_hall, layout_loops_ring
D:2:      layout_basic, minmay_misc_feat_cross, uniq_sigmund, uniq_natasha
D:3:      layout_basic, nicolae_tso_besieged_by_evil, gammafunk_ghost_cemetery,
          minmay_box_of_dots
D:4:      layout_rooms, temple_statues
D:5:      layout_basic, nicolae_take_the_stairs, uniq_menkaure,
          uniq_crazy_yiuf_cottage, uniq_blork_the_orc, uniq_grinder
D:6:      layout_basic, grunt_temple_overflow_order_and_chaos_2,
          mainiacjoe_overflow_tiny_flanked, uniq_edmund, uniq_prince_ribbit1,
          uniq_pikel, uniq_eustachio
D:7:      cheibrodos_fzero, layout_rooms, kennysheep_ying_yang,
          jmf_multi_god_temple2
D:8:      layout_rooms
D:9:      layout_roguey, david_orc_1_choice, kennysheep_generic_room_4
D:10:     layout_roguey, gammafunk_temple_overflow_claw,
          kiku_gazebo_garden_becter, david_lair_shrubbed, chequers_big_river,
          wad_hexagon, uniq_fannar, uniq_josephine
Temple:   cyrus_temple_forest

Skill      XL: |  1  2  3  4  5  6  7  8  9 10 11 |
---------------+----------------------------------+-----
Short Blades   | 3 4 5 6 7 9 10 | 10.0
Stealth        | 6 7 8 10 | 10.1
Evocations     | 3 5 6 8 |  8.1
Dodging        | 3 6 7 |  7.6
Fighting       | 3 6 7 |  7.7
Throwing       | 3 5 |  5.0

Action                   |  1- 3 |  4- 6 |  7- 9 | 10-12 || total
-------------------------+-------+-------+-------+-------++-------
Melee: Dagger            |    33 |    35 |   225 |   332 ||   625
       Constrict         |     6 |     7 |    57 |    33 ||   103
       Tentacles         |     4 |     7 |    49 |    79 ||   139
Throw: Dart              |     2 |    12 |    10 |    19 ||    43
Invok: Call Merchant     |       |       |       |     1 ||     1
Evoke: Wand              |       |       |     9 |     4 ||    13
  Use: Scroll            |       |     4 |     2 |     6 ||    12
       Potion            |       |       |       |     2 ||     2
 Stab: Sleeping          |    11 |    10 |    27 |    32 ||    80
       Distracted        |     1 |       |     2 |     1 ||     4
       Paralysed         |       |       |       |     1 ||     1
Armor: Skin              |     1 |     1 |    17 |    35 ||    54
Dodge: Dodged            |     9 |    10 |    74 |   151 ||   244
